AoeStats
← NASPI

Nomad

510176640Analyzed
4v4 RM · 16h ago on Sep 29, 2026· 46m 11s· 8 players
Game mode
Random Map
Map size
231×231
Population
200
Speed
Normal
Resources
Standard
Victory
Conquest
Starting age
Dark Age
Ending age
Imperial Age
RankedLock teamsTeams togetherTeam positionsShared explorationLock speedFull tech treeHidden civsTurbo modeCheats
Victory
Defeat
🇩🇪 Varangians · Germany
1339
+14
🇵🇪 Magyars · Peru
1324
+15
🇩🇪 Slavs · Germany
1285
+17
🇷🇺 Khmer · Russia
1252
+18
🇫🇷 Saxons · France
1364
-19
🇦🇷 Persians · Argentina
1306
-16
🇹🇷 Vietnamese · Türkiye
1304
-16
🇫🇷 Mongols · France
1230
-13
Aiden
3:35 Loom
14:51 Feudal Age
15:22 Town Watch
18:41 Castle Age
18:26 Fletching
19:30 Bodkin Arrow
27:05 Double-Bit Axe
28:53 Horse Collar
30:00 Heavy Plow
33:03 Bow Saw
32:45 Gold Mining
33:47 Scale Mail Armor
36:01 Wheelbarrow
37:12 Hand Cart
37:46 Stone Mining
38:31 Gold Shaft Mining
38:01 Town Patrol
41:37 Imperial Age
39:37 Chain Mail Armor
40:10 Forging
42:44 Iron Casting
45:06 Imperial Age
43:09 Man-at-Arms
43:09 Pikeman
Sahraoui
4:03 Loom
16:34 Feudal Age
18:31 Double-Bit Axe
22:55 Castle Age
22:30 Scale Barding Armor
22:35 Forging
23:28 Bloodlines
NASPI
8:10 Loom
21:16 Feudal Age
22:14 Double-Bit Axe
22:33 Fletching
24:30 Town Watch
26:11 Gold Mining
27:34 Wheelbarrow
32:42 Castle Age
31:43 Fishing Lines
34:08 Medium Warships
34:35 Bow Saw
40:30 Gillnets
41:22 Horse Collar
43:16 Hand Cart
45:06 Bodkin Arrow
Bir durumu var
5:23 Loom
14:04 Feudal Age
15:16 Double-Bit Axe
15:58 Fletching
22:34 Castle Age
21:37 Padded Archer Armor
22:37 Crossbowman
23:34 Bodkin Arrow
25:50 Horse Collar
27:43 Scale Mail Armor
29:23 Town Watch
36:29 Wheelbarrow
36:07 Bow Saw
38:00 Thumb Ring
41:54 Imperial Age
40:27 Gold Mining
41:11 Leather Archer Armor
40:58 Squires
40:44 Arson
41:08 Stone Mining
41:45 Chain Mail Armor
42:44 Bracer
42:15 Arbalester
44:04 Plate Mail Armor
ELBO | SirCaracol
3:13 Loom
12:54 Feudal Age
14:40 Double-Bit Axe
16:49 Wheelbarrow
18:04 Double-Bit Axe
22:30 Castle Age
20:53 Bloodlines
22:35 Light Cavalry
24:02 Wheelbarrow
23:35 Scale Barding Armor
25:24 Gold Mining
26:06 Husbandry
27:31 Fishing Lines
28:58 Town Watch
29:25 Bow Saw
32:49 Gold Shaft Mining
35:51 Gillnets
39:06 Stone Mining
44:20 Imperial Age
42:25 Fletching
44:39 Bodkin Arrow
47:04 Conscription
w h i z.
13:43 Feudal Age
14:19 Double-Bit Axe
17:36 Forging
18:16 Loom
20:31 Castle Age
18:56 Gold Mining
18:48 Horse Collar
21:51 Medium Warships
22:11 Bow Saw
22:04 Heavy Plow
27:36 Wheelbarrow
28:43 Scale Barding Armor
28:57 Bloodlines
28:47 Husbandry
30:00 Gold Shaft Mining
30:20 Stone Mining
31:54 Town Watch
35:35 Imperial Age
33:07 Detinets
34:13 Hand Cart
35:00 Chain Barding Armor
35:16 Iron Casting
36:59 Plate Barding Armor
37:05 Conscription
36:06 Elite Boyar
40:04 Blast Furnace
38:54 Fletching
41:44 Two-Man Saw
41:08 Ballistics
41:50 Chemistry
43:46 Coinage
44:00 Bodkin Arrow
44:18 Masonry
danntheman
4:50 Loom
16:29 Feudal Age
20:36 Castle Age
18:28 Double-Bit Axe
20:26 Stone Mining
23:20 Scale Barding Armor
23:16 Horse Collar
30:55 Fletching
33:04 Wheelbarrow
40:26 Imperial Age
38:08 Bow Saw
39:33 Forging
40:05 Fishing Lines
40:48 Chain Barding Armor
40:38 Heavy Plow
42:07 Plate Barding Armor
41:55 Conscription
42:35 Hand Cart
43:15 Iron Casting
43:09 Gold Mining
44:43 Stone Shaft Mining
44:42 Crop Rotation
46:01 Blast Furnace
44:54 Town Watch
45:40 Bloodlines
45:30 Husbandry
46:08 Elite Jarl
HeO_3km
3:49 Loom
11:42 Feudal Age
21:27 Castle Age
25:39 Light Cavalry
26:30 Bloodlines
26:31 Double-Bit Axe
28:55 Horse Collar
30:31 Town Watch
36:02 Husbandry
37:20 Gold Mining
40:43 Scale Barding Armor
42:05 Chain Barding Armor
41:58 Forging
42:52 Wheelbarrow
47:28 Imperial Age
46:47 Heavy Plow
47:00 Bow Saw
Connection lost

Rejoining the realm…

Still unreachable

The connection could not be restored.

Session expired

The server has moved on; the page needs a fresh start.